 Dungeon Crawl Stone Soup version 0.17.2-1-ge4368a0 (webtiles) character file.

2270 ololoev the Cleaver (level 9, -14/94 HPs)
             Began as a Demonspawn Berserker on July 26, 2016.
             Was a Priest of Trog.
             Demolished by Frances
             ... wielding a +0 short sword
              (22 damage)
             ... on level 13 of the Dungeon.
             The game lasted 00:10:22 (1333 turns).

ololoev the Cleaver (Demonspawn Berserker)          Turns: 1333, Time: 00:10:22

Health: -14/94     AC: 18    Str: 24    XL:     9   Next: 16%
Magic:  9/9        EV: 10    Int:  6    God:    Trog [***...]
Gold:   195        SH:  0    Dex: 13    Spells: 0 memorised, 8 levels left

rFire  . . .     SeeInvis .     a - +0 war axe
rCold  . . .     Clarity  .     d - +0 plate armour
rNeg   . . .     SustAt   .     (no shield)
rPois  .         Gourm    .     (helmet restricted)
rElec  .         Spirit   .     (no cloak)
rCorr  .         Warding  .     (no gloves)
rMut   .         Stasis   .     (no boots)
MR     ++...                    (no amulet)
Stlth  ..........               (no ring)
                                g - +6 ring of protection

@: berserking, regenerating, very quick, very resistant to hostile enchantments,
extremely unstealthy
A: fangs 1, horns 2, repulsion field 2, dopey 1, weak 1, evolution 1
a: Berserk, Trog's Hand, Burn Spellbooks, Renounce Religion


Innate Abilities, Weirdness & Mutations

You have a pair of horns on your head.
You are surrounded by a moderate repulsion field (EV +3).
You have very sharp teeth.
You are dopey. (Int -2)
You are weak. (Str -2)
You evolve.

Inventory:

Hand Weapons
 a - a +0 war axe (weapon)
Armour
 d - a +0 plate armour (worn)
Jewellery
 g - a +6 ring of protection (left hand)
Wands
 j - a wand of random effects (13)
 s - a wand of polymorph (3)
Scrolls
 b - a scroll of teleportation {unknown}
 e - 3 scrolls of enchant weapon {unknown}
 k - a scroll of fear {unknown}
 m - 2 scrolls of recharging {unknown}
 p - a scroll of magic mapping {unknown}
 q - 2 scrolls of immolation {unknown}
 t - a scroll of torment {unknown}
 u - a scroll of identify {unknown}
Potions
 i - a potion of brilliance {unknown}
 l - a potion of lignification {unknown}
 n - 2 potions of degeneration {unknown}
 o - 2 potions of heal wounds {unknown}
 r - 3 potions of resistance {unknown}
Comestibles
 c - 3 bread rations
 f - 2 beef jerkies
 h - 5 chunks of flesh


   Skills:
 - Level 3.0 Fighting
 * Level 9.7 Axes
 + Level 6.4 Armour
 - Level 1.7 Dodging


You had 8 spell levels left.
You didn't know any spells.


You were on level 13 of the Dungeon.
You worshipped Trog.
Trog was most pleased with you.
You were hungry.

You visited 1 branch of the dungeon, and saw 12 of its levels.

You collected 195 gold pieces.

... ....#
.....#####
......#...
........o#
........o#
#...Z4@#
#.c.[4@#
#.....p#+####
##............
#.....<.......
......$........
#.##.....####+#
. #.....#
#.....# #.....#

Notes
Turn   | Place    | Note
--------------------------------------------------------------
     0 | D:1      | ololoev the Demonspawn Berserker began the quest for the Orb.
     0 | D:1      | Reached XP level 1. HP: 18/18 MP: 1/1
   170 | D:1      | Gained mutation: You are surrounded by a mild repulsion field (EV +2). [demonic ancestry]
   170 | D:1      | Reached XP level 2. HP: 24/24 MP: 2/2
   333 | D:3      | Gained mutation: You are surrounded by a moderate repulsion field (EV +3). [demonic ancestry]
   333 | D:3      | Reached XP level 3. HP: 26/29 MP: 3/3
   343 | D:2      | Reached ** piety under Trog
   362 | D:2      | Reached skill level 4 in Axes
   518 | D:4      | Gained mutation: You have a pair of small horns on your head. [demonic ancestry]
   518 | D:4      | Reached XP level 4. HP: 26/35 MP: 4/4
   566 | D:4      | Noticed a phantom
   578 | D:4      | Killed a phantom
   578 | D:4      | Reached skill level 5 in Axes
   578 | D:4      | Reached XP level 5. HP: 41/41 MP: 5/5
   638 | D:5      | Entered Level 5 of the Dungeon
   791 | D:7      | Noticed Dowan
   793 | D:7      | Noticed a troll
   794 | D:7      | Noticed Duvessa
   801 | D:7      | Reached XP level 6. HP: 47/47 MP: 6/6
   803 | D:7      | Killed a troll
   803 | D:7      | Reached skill level 6 in Axes
   803 | D:7      | Gained mutation: You have a pair of horns on your head. [demonic ancestry]
   803 | D:7      | Reached XP level 7. HP: 52/52 MP: 7/7
   805 | D:7      | Killed Duvessa
   810 | D:7      | Killed Dowan
   827 | D:7      | Noticed a sky beast
   846 | D:7      | Noticed a sky beast
   846 | D:7      | Killed a sky beast
   846 | D:7      | Reached skill level 7 in Axes
   862 | D:7      | Killed a sky beast
   869 | D:7      | Reached XP level 8. HP: 32/58 MP: 8/8
   885 | D:7      | Reached *** piety under Trog
   901 | D:7      | Gained mutation: You are clumsy. (Dex -2) [mutagenic meat]
   902 | D:7      | Gained mutation: You are robust (+10% HP). [mutagenic meat]
   903 | D:7      | Lost mutation: You are clumsy. (Dex -2) [mutagenic meat]
   904 | D:7      | Gained mutation: You are dopey. (Int -2) [mutagenic meat]
   905 | D:7      | Gained mutation: You are weak. (Str -2) [mutagenic meat]
   906 | D:7      | Gained mutation: You evolve. [mutagenic meat]
   907 | D:7      | Lost mutation: You are robust (+10% HP). [mutagenic meat]
   908 | D:7      | Gained mutation: You have very sharp teeth. [mutagenic meat]
   965 | D:8      | Reached skill level 5 in Armour
   983 | D:7      | Found an opulent altar of Gozag.
   987 | D:7      | Reached skill level 8 in Axes
  1072 | D:8      | You fall through a shaft for 2 floors!
  1072 | D:10     | Entered Level 10 of the Dungeon
  1142 | D:11     | Noticed a cyclops
  1167 | D:11     | Killed a cyclops
  1167 | D:11     | Reached skill level 9 in Axes
  1167 | D:11     | Reached XP level 9. HP: 62/63 MP: 9/9
  1325 | D:13     | Noticed a necromancer
  1325 | D:13     | Noticed Frances
  1328 | D:13     | Noticed a sixfirhy
  1333 | D:13     | Demolished by Frances

Dungeon Overview and Level Annotations

Branches:
Dungeon (13/15)
 Temple: D:4-7         Lair: D:8-11         Orc: D:9-12      Vaults: D:13-14

Altars:
Gozag

Annotations:
D:13 Frances


Message History

Use which ability? (? or * to list)
A red film seems to cover your vision as you go berserk!
You feel yourself moving faster!
You feel mighty!
You feel somewhat more hungry.
The centaur shouts!
The blue devil hits you.
The crimson imp summons a swarm of flies.
The crimson imp closely misses you. The orc hits you but does no damage.
The necromancer points at you and mumbles some strange words.
You resist with almost no effort. Frances hits you with a short sword!
Unknown command.
Unknown command.
You slash the crimson imp! You bite the crimson imp!
You kill the crimson imp!
Trog accepts your kill.
You closely miss the blue devil. You slash Frances!
Frances is lightly wounded.
The centaur wields a shortbow.
The centaur shoots an arrow.
The arrow hits you but does no damage. The blue devil barely misses you.
The orc hits you but does no damage.
Unknown command.
You closely miss Frances.
Frances is lightly wounded.
You closely miss the blue devil.
The centaur shoots an arrow.
The arrow hits you.
The blue devil hits you but does no damage.
Frances hits you with a short sword.
Unknown command.
Unknown command.
Unknown command.
You hit the orc priest. You headbutt the orc priest!
You kill the orc priest!
Trog accepts your kill.
You hit the blue devil.
The blue devil is lightly wounded.
You slash Frances!
Frances is lightly wounded.
The sixfirhy hits you but does no damage.
The blue devil barely misses you. Frances hits you with a short sword!!
You die...

You could see Frances, a necromancer, a sixfirhy, a blue devil, an orc warrior, a centaur, an orc and a giant frog skeleton.

Vanquished Creatures
  A cyclops (D:11)
  A troll (D:7)
  A wyvern (D:12)
  A hippogriff (D:11)
  A hungry ghost (D:11)
  Duvessa (D:7)
  2 sky beasts (D:7)
  A phantom (D:4)
  A centaur (D:8)
  A big kobold (D:7)
  2 giant frogs (D:7)
  Dowan (D:7)
  A crimson imp (D:13)
  2 centaur zombies (D:7)
  A giant frog skeleton (D:7)
  2 orc priests
  An orc wizard (D:8)
  A centaur skeleton (D:12)
  A hound (D:6)
  2 worker ants
  A hound skeleton (D:8)
  A worker ant zombie (D:7)
  7 adders
  A shadow imp (D:7)
  2 oozes
  An adder zombie (D:7)
  An adder skeleton (D:7)
  A worm (D:2)
  4 giant geckos
  3 orcs
  A giant cockroach (D:2)
  4 goblins
  4 hobgoblins
  7 jackals
  2 ball pythons
  5 bats
  A giant gecko zombie (D:5)
  2 giant newts (D:3)
  7 kobolds
  3 quokkas
  A rat (D:3)
84 creatures vanquished.

Action                   |  1- 3 |  4- 6 |  7- 9 || total
-------------------------+-------+-------+-------++-------
Melee: Hand axe          |    22 |       |       ||    22
       War axe           |    64 |    77 |    98 ||   239
Invok: Berserk           |     4 |     2 |     6 ||    12
       Trog's Hand       |       |     1 |     4 ||     5
Evoke: Wand              |       |       |     3 ||     3
  Eat: Chunk             |     3 |     2 |    14 ||    19
       Bread ration      |       |       |     1 ||     1

Vault maps used:
D:1:      onia_arrival_mini_maze
D:2:      first_bread, minivault_11, uniq_natasha
D:3:      old_standard_altar
D:5:      fedhas_altar_1, marbit_many_paths, tso_altar, temple_doors_e
D:6:      minmay_misc_feat_doors, hex_medium
D:7:      grunt_dithmenos_smoke_and_mirrors, nicolae_gozag_seed_capital,
          the_bakery, uniq_menkaure, uniq_duvessa
D:8:      uniq_gastronok
D:11:     uniq_urug
D:13:     david_vaults_1, basic_altar, uniq_frances
